 Dungeon Crawl Stone Soup version 0.27-a0-906-g0a00ce8 (webtiles) character file.

Game seed: 427360375229568752

27 Nithhogg the Skirmisher (level 2, -3/24 HPs)
             Began as a Demonspawn Fighter on Apr 7, 2021.
             Slain by Terence
             ... wielding a +1 mace of holy wrath
              (8 damage)
             ... on level 2 of the Dungeon.
             The game lasted 00:01:39 (1135 turns).

Nithhogg the Skirmisher (Demonspawn Fighter)        Turns: 1135, Time: 00:01:39

Health: -3/24      AC:  6    Str: 16    XL:     2   Next: 93%
Magic:  2/2        EV:  7    Int: 11    God:
Gold:   18         SH:  8    Dex: 12    Spells: 1/1 levels left

rFire    . . .     SeeInvis .   a - +0 long sword
rCold    . . .     Faith    .   c - +0 kite shield
rNeg     . . .     Spirit   .   b - +0 scale mail
rPois    .         Reflect  .   (no helmet)
rElec    .         Harm     .   (no cloak)
rCorr    .         Rampage  .   (no gloves)
Will     .....                  (no boots)
Stlth    ..........             (no amulet)
HPRegen  0.08/turn              (no ring)
MPRegen  0.08/turn              (no ring)

@: no status effects
A: big brain 1
a: no special abilities


You were on level 2 of the Dungeon.
You visited 1 branch of the dungeon, and saw 2 of its levels.

You collected 18 gold pieces.

Inventory:

Hand Weapons
 a - a +0 long sword (weapon)
Armour
 b - a +0 scale mail (worn)
 c - a +0 kite shield (worn)
Jewellery
 j - a ring of positive energy
Scrolls
 e - a scroll of blinking {unknown}
 g - a scroll of vulnerability {unknown}
 h - 3 scrolls of amnesia {unknown}
 i - a scroll of silence {unknown}
Potions
 d - a potion of might


   Skills:
 * Level 3.4 Fighting
 * Level 2.2 Long Blades
 + Level 2.8 Armour
 + Level 0.5 Dodging
 + Level 2.8 Shields


You had one spell level left.
You didn't know any spells.
Your spell library was empty.

Dungeon Overview and Level Annotations

Branches:
Dungeon (2/15)

Altars:

Annotations:
D:2 Terence


Innate Abilities, Weirdness & Mutations

You have an unusually large brain. (Int +2)


Message History

You convulse.
You are too injured to fight recklessly!
You are too injured to fight recklessly!
You are too injured to fight recklessly!
You hit Terence but do no damage. You block Terence's attack.
Terence closely misses you.
You hit Terence but do no damage.
Terence hits you with a +1 mace of holy wrath.
* * * LOW HITPOINT WARNING * * *
You convulse.
* * * LOW HITPOINT WARNING * * *
You slash Terence!
Terence is moderately wounded.
Terence barely misses you.
You riposte.
You hit Terence but do no damage.
Terence is moderately wounded.
You block Terence's attack.
It was a potion of cancellation.
You feel magically purged. You block Terence's attack.
Press: ? - help, v - describe, . - travel, g - get item Item here: a papyrus book.
The floor.
You see here a +4 ring of evasion.
Things that are here:
a +0 whip; 3 stones; a kobold corpse An endoplasm comes into view.
The endoplasm quivers.
There is a stone staircase leading up here.
You barely miss Terence.
Terence is moderately wounded.
You block Terence's attack. x2
You hit Terence.
Terence is heavily wounded.
Terence barely misses you.
You riposte.
Your shield and scale mail prevent you from hitting Terence.
Terence is heavily wounded.
You closely miss Terence.
Terence is heavily wounded.
Terence completely misses you.
Terence hits you with a +1 mace of holy wrath!
You die...

........# ........#
........+ #+# ........#
#.######
........#######.#....#
........#..†....#....#
..J........).....:....
#######.#.#####=.....#
####...#@@J#.### #......#
........................#
####.#.#.#.#.####.....###
#.#.#.#.# #.....#
#.#...#.. ......#
#.#####........### #.
###...# ## ....#


You could see Terence and an endoplasm.

Vanquished Creatures
  An adder (D:2)
  2 endoplasms (D:1)
  4 giant cockroaches (D:1)
  A quokka (D:1)
  4 ball pythons (D:1)
  A bat (D:1)
  A frilled lizard (D:1)
  A goblin (D:1)
  4 kobolds
19 creatures vanquished.

Vanquished Creatures (others)
  2 plants (D:2)
2 creatures vanquished.

Grand Total: 21 creatures vanquished

Notes
Turn   | Place    | Note
-------+----------+-------------------------------------------
     0 | D:1      | Nithhogg the Demonspawn Fighter began the quest for the
                  | Orb.
     0 | D:1      | Reached XP level 1. HP: 18/18 MP: 1/1
   546 | D:1      | Gained mutation: You have an unusually large brain. (Int
                  | +2) [demonic ancestry]
   546 | D:1      | Reached XP level 2. HP: 24/24 MP: 2/2
   811 | D:1      | Found a faded altar of an unknown god.
  1115 | D:2      | Noticed Terence
  1135 | D:2      | Slain by Terence

Illustrated notes

Levels and vault maps discovered:
D:1:      erik_arrival_triangle_huge, layout_basic, basic_ecumenical_altar
D:2:      layout_basic, basic_altar, serial_bayou_crossing, uniq_terence,
          uniq_robin, uniq_sigmund, uniq_jessica

Skill      XL: |  1 |
---------------+----+-----
Long Blades    | 2 |  2.2
Fighting       | |  3.4
Armour         | |  2.8
Dodging        | |  0.5
Shields        | |  2.8

Action                   || total
-------------------------++-------
Melee: Long sword        ||    55
  Use: Potion            ||     1
Armor: Scale mail        ||    24
Dodge: Dodged            ||    20
Block: Kite shield       ||    27
       Rpst.: Long sword ||     8

Table legend: (Time is in decaauts)
 A = Elapsed time spent in this place.
 B = Non-inter-level travel time spent in this place.
 C = Inter-level travel time spent in this place.
 D = Time resting spent in this place.
 E = Time spent auto-exploring this place.
 F = Levels seen in this place.
 G = Mean time per level.
                   A        B        C        D        E       F      G
               +--------+--------+--------+--------+--------+-----+--------+
         Total |   1164 |   1147 |     17 |      0 |    974 |   2 |  582.0 |
       Dungeon |   1164 |   1147 |     17 |      0 |    974 |   2 |  582.0 |
               +--------+--------+--------+--------+--------+-----+--------+

Top non-repeatable levels by time:
     D:1: 1117 daAuts
     D:2: 47 daAuts
